 Dungeon Crawl Stone Soup version 0.29.1-2-gbd0b4ee654 (webtiles) character file.

Game seed: 7233592965381647835

2728 GigaChad the Cleaver (level 9, -8/81 HPs)
             Began as a Minotaur Fighter on Nov 21, 2022.
             Was a Follower of Ashenzari.
             Mangled by a boulder beetle (18 damage)
             ... on level 8 of the Dungeon on Nov 22, 2022.
             The game lasted 00:12:54 (7540 turns).

GigaChad the Cleaver (Minotaur Fighter)             Turns: 7540, Time: 00:12:55

Health: -8/81      AC: 20    Str: 25    XL:     9   Next: 40%
Magic:  8/8        EV:  7    Int:  5    God:    Ashenzari [*.....]
Gold:   72         SH:  5    Dex: 10    Spells: 8/8 levels left

rFire   . . .      SeeInvis .   a - +0 war axe (protect)
rCold   . . .      Faith    .   c - +0 buckler of Supernal Knowledge {Fort, Self} (curse)
rNeg    . . .      Spirit   .   v - +0 plate armour of Desmomancy {Alch, Elem} (curse)
rPois   .          Reflect  .   (helmet restricted)
rElec   .          Harm     .   (no cloak)
rCorr   .          Rampage  .   (no gloves)
Will    .....                   (no boots)
Stlth   ..........              (no amulet)
HPRegen 0.23/turn               (no ring)
MPRegen 0.11/turn               (no ring)

@: under a protective aura
A: horns 2, retaliatory headbutt
a: Renounce Religion, Curse Item, Shatter the Chains


You were on level 8 of the Dungeon.
You worshipped Ashenzari.
Ashenzari was aware of your devotion.
You visited 2 branches of the dungeon, and saw 9 of its levels.

You collected 1035 gold pieces.
You spent 963 gold pieces at shops.

Inventory:

Hand Weapons
 a - a +0 war axe of protection (weapon)
 F - the +10 whip "Mysaper" {vorpal, *Corrode rPois Stlth+}
   (You bought it in a shop on level 8 of the Dungeon)

   It inflicts extra damage upon your enemies.
   rPois:     It protects you from poison.
   *Corrode:  It may corrode you when you take damage.
   Stlth:     It makes you more stealthy.
Armour
 b - a +1 scale mail
 c - the cursed +0 buckler of Supernal Knowledge (worn) {Fort, Self}

   It has a curse which improves the following skills: Fortitude: Armour and
   Shields.
   Introspection: Fighting and Spellcasting.
 v - the cursed +0 plate armour of Desmomancy (worn) {Alch, Elem}
   (You found it on level 5 of the Dungeon)

   It has a curse which improves the following skills: Alchemy: Poison Magic and
   Transmutations.
   Elements:  Fire Magic, Ice Magic, Air Magic and Earth Magic.
Jewellery
 e - a ring of fire
 g - a ring of resist corrosion
Wands
 o - a wand of paralysis (12)
 t - a wand of flame (15)
 D - a wand of roots (9)
Scrolls
 f - 3 scrolls of teleportation
 i - 2 scrolls of blinking
 k - a scroll of fear
 l - 11 scrolls of identify
 n - 3 scrolls of magic mapping
 u - a scroll of enchant weapon
 w - 2 scrolls of poison
 y - 2 scrolls of amnesia
 A - a scroll of brand weapon
 E - a scroll of enchant armour
Potions
 d - 2 potions of might
 h - a potion of flight
 j - a potion of mutation
 m - 3 potions of degeneration
 p - 2 potions of curing
 q - 3 potions of haste
 r - 5 potions of magic
 s - a potion of attraction
 x - a potion of heal wounds
 z - a potion of resistance
 B - a potion of berserk rage
Miscellaneous
 C - a piece from Xom's chessboard (15/15)


   Skills:
 + Level 7.2(8.1) Fighting
 + Level 10.9 Axes
 + Level 1.3(7.0) Maces & Flails
 + Level 7.8(8.7) Armour
 + Level 2.1 Dodging
 + Level 0.5 Stealth
 + Level 6.3(7.2) Shields


You had 8 spell levels left.
You didn't know any spells.
Your spell library contained the following spells:

 Spells                   Type           Power      Damage    Failure   Level
 Foxfire                  Conj/Fire      0%         2x1d4     100%        1
 Freeze                   Ice            0%         1d3       100%        1
 Sandblast                Erth           0%         2d4       100%        1
 Scorch                   Fire           0%         2d5       100%        2
 Static Discharge         Conj/Air       0%         3-3/arc   100%        2
 Conjure Flame            Conj/Fire      0%         6-21      100%        3
 Frozen Ramparts          Ice            0%         1d1       100%        3
 Gell's Gravitas          Tloc           0%         N/A       100%        3
 Inner Flame              Hex/Fire       0%         N/A       100%        3
 Lesser Beckoning         Tloc           0%         N/A       100%        3
 Teleport Other           Tloc           0%         N/A       100%        3
 Animate Armour           Summ/Erth      0%         N/A       100%        4
 Dispel Undead            Necr           0%         3d6       100%        4
 Flame Wave               Conj/Fire      0%         2d4       100%        4
 Sticky Flame             Conj/Fire      0%         2d3       100%        4
 Summon Ice Beast         Ice/Summ       0%         N/A       100%        4
 Blade Hands              Tmut           0%         N/A       100%        5
 Freezing Cloud           Conj/Ice/Air   0%         6-21      100%        5
 Summon Mana Viper        Hex/Summ       0%         N/A       100%        5
 Iron Shot                Conj/Erth      0%         9d1       100%        6
 Summon Cactus Giant      Summ           0%         N/A       100%        6
 Monstrous Menagerie      Summ           0%         N/A       100%        7


Dungeon Overview and Level Annotations

Branches:
Dungeon (8/15)             Temple (1/1) D:6
   Lair: D:8-11

Altars:
Ashenzari
Cheibriados
Dithmenos
Elyvilon
Fedhas
Gozag
Hepliaklqana
Kikubaaqudgha
Makhleb
Nemelex Xobeh
Okawaru
Qazlal
Ru
Sif Muna
Trog
Uskayaw
Vehumet
Wu Jian
Xom
Yredelemnul
Zin
The Shining One

Shops:
D:5 :   D:6 *   D:8 (


Innate Abilities, Weirdness & Mutations

You have a pair of horns on your head.
You reflexively headbutt those who attack you in melee.


Message History

Your Fighting skill increases to level 7!
You hit the gargoyle but do no damage.
The boulder beetle leaps!
The gargoyle hurls a stone arrow at you.
The stone arrow hits you.
* * * LOW HITPOINT WARNING * * *
You hit the gargoyle but do no damage.
The gargoyle hits you but does no damage.
You hit the gargoyle.
The gargoyle is moderately damaged.
The gargoyle hits you but does no damage.
You hit the gargoyle. You headbutt the gargoyle.
The gargoyle is heavily damaged.
The gargoyle hits you but does no damage.
You barely miss the gargoyle.
You headbutt the gargoyle, but do no damage.
The gargoyle is heavily damaged.
The gargoyle hits you but does no damage.
You hit the gargoyle but do no damage. Your headbutt misses the gargoyle.
The gargoyle is heavily damaged.
The boulder beetle curls into a ball and begins rolling!
The gargoyle hurls a stone arrow at you.
The stone arrow hits you but does no damage.
You hit the gargoyle.
You headbutt the gargoyle, but do no damage.
The gargoyle is heavily damaged.
The boulder beetle stops rolling and uncurls.
You block the gargoyle's attack.
You hit the gargoyle but do no damage.
The gargoyle is heavily damaged.
The gargoyle barely misses you.
You hit the gargoyle but do no damage.
The gargoyle is heavily damaged.
You block the gargoyle's attack.
You slash the gargoyle!
You destroy the gargoyle!
Your base Maces & Flails skill increases to level 1!
You slash the boulder beetle!
The boulder beetle is moderately wounded.
The boulder beetle bites you!!
You die...

#..#...........#####..# ##.....
#..#.##.....##.#####.### ###...
#..#..#.....#..#.......## #....
##.##..##.##..########..###....
#..##..#.#..###.. ##..##....
##...##.....###.# ##.......
##..###.....###)# ##......
##..##..#..####)## #......
#..##..#.#..##.#@# #.#....
>.##..#####..#.##B# #.##.#.
..#..# ##....#.# #.#..## ..#.#
##...##. #.#.## #.## #.#.#.##.
##...### #.# ##.###.###
##......# #.# .#.##..
##........ #.##
.##..#######......... #..##
##...................


You could see a boulder beetle.

Vanquished Creatures
  A gargoyle (D:8)
  A wyvern (D:8)
  Eustachio (D:6)
  2 black bears
  An ice beast (D:7)
  3 centaurs (D:8)
  An ogre (D:4)
  A phantom (D:5)
  2 kobold brigands (D:8)
  4 bullfrogs
  2 scorpions
  A necrophage (D:7)
  A water moccasin zombie (D:5)
  3 bullfrog zombies (D:5)
  A jelly (D:7)
  3 hounds
  5 orc priests
  3 iguanas
  7 orc wizards
  2 hound zombies (D:5)
  A hound skeleton (D:5)
  3 gnolls (D:4)
  6 adders
  A shadow imp (D:6)
  2 white imps (D:6)
  An ufetubus (D:5)
  3 dart slugs
  16 orcs
  4 ball pythons
  10 bats
  9 endoplasms
  3 giant cockroaches
  6 hobgoblins
  7 jackals
  15 kobolds
  A quokka (D:3)
  5 frilled lizards
  7 goblins
  8 rats
153 creatures vanquished.

Vanquished Creatures (others)
  A bullfrog zombie (D:5)
  3 withered plants (D:5)
4 creatures vanquished.

Grand Total: 157 creatures vanquished

Notes
Turn   | Place    | Note
-------+----------+-------------------------------------------
     0 | D:1      | GigaChad the Minotaur Fighter began the quest for the Orb.
     0 | D:1      | Reached XP level 1. HP: 19/19 MP: 0/0
   188 | D:1      | Reached XP level 2. HP: 27/27 MP: 1/1
   273 | D:1      | Reached skill level 3 in Axes
   390 | D:1      | Reached XP level 3. HP: 33/33 MP: 2/2
   796 | D:1      | Found a faded altar of an unknown god.
   987 | D:2      | Got the Teachings on Iron Ice
  1261 | D:2      | Reached skill level 1 in Dodging
  1906 | D:3      | Reached XP level 4. HP: 40/40 MP: 3/3
  2304 | D:4      | Noticed a black bear
  2312 | D:4      | Killed a black bear
  2313 | D:4      | Reached skill level 4 in Axes
  2313 | D:4      | Reached XP level 5. HP: 37/46 MP: 4/4
  2458 | D:4      | Reached skill level 5 in Armour
  2530 | D:4      | Noticed an ogre
  2538 | D:4      | Killed an ogre
  2539 | D:4      | Reached skill level 5 in Axes
  2710 | D:4      | Reached XP level 6. HP: 42/53 MP: 5/5
  3408 | D:5      | Entered Level 5 of the Dungeon
  3527 | D:5      | Reached skill level 6 in Axes
  3884 | D:5      | Reached XP level 7. HP: 60/60 MP: 6/6
  3970 | D:5      | Reached skill level 5 in Shields
  3997 | D:5      | Reached skill level 7 in Axes
  4345 | D:5      | Found Fasipn's Book Emporium.
  4701 | D:6      | Found a staircase to the Ecumenical Temple.
  4718 | Temple   | Entered the Ecumenical Temple
  4811 | Temple   | Became a worshipper of Ashenzari the Shackled
  4863 | D:6      | Reached skill level 5 in Fighting
  5236 | D:6      | Found a sparkling altar of Nemelex Xobeh.
  5282 | D:6      | Noticed Eustachio
  5313 | D:6      | Killed Eustachio
  5314 | D:6      | Reached skill level 8 in Axes
  5314 | D:6      | Reached XP level 8. HP: 38/69 MP: 7/7
  5461 | D:6      | Found a shadowy altar of Dithmenos.
  5567 | D:6      | Found Isiytt's Gadget Gallery.
  5577 | D:6      | Bought a piece from Xom's chessboard (15/15) for 280 gold
                  | pieces
  5945 | D:7      | Reached skill level 9 in Axes
  6435 | D:7      | Reached * piety under Ashenzari
  6435 | D:7      | Identified a scroll of acquirement
  6436 | D:7      | Acquired 633 gold pieces
  6850 | D:8      | Reached XP level 9. HP: 72/79 MP: 8/8
  6942 | D:8      | Reached skill level 10 in Axes
  7360 | D:8      | Found Tyghus's Weapon Shop.
  7370 | D:8      | Bought the +10 whip "Mysaper" {vorpal, *Corrode rPois
                  | Stlth+} for 683 gold pieces
  7510 | D:8      | Identified the +3 great mace of Uskayaw's Reproof {protect,
                  | rC+ rCorr Str+4 Dex+4}
  7515 | D:8      | Noticed a boulder beetle
  7521 | D:8      | Noticed a gargoyle
  7539 | D:8      | Killed a gargoyle
  7540 | D:8      | Reached skill level 1 in Maces & Flails
  7540 | D:8      | Mangled by a boulder beetle

Illustrated notes

Levels and vault maps discovered:
D:1:      nzn_arrival_crosshair, layout_basic,
          shapermc_ecumenical_altar_mp_vishouse, minmay_box_of_dots
D:2:      layout_loops_ring, chequers_serial_rivers_small_a,
          ebering_dispersal_statue_hall
D:3:      layout_basic
D:4:      layout_basic, minmay_misc_feat_rows, minmay_fountain_box
D:5:      layout_loops_corners, serial_shops, nicolae_diamond_shop,
          serial_undead, serial_undead_a, serial_undead_a, serial_undead_a,
          serial_undead_f, lemuel_flamethrower_2
D:6:      layout_cave_pods, mainiacjoe_overflow_catch_the_wave,
          minmay_temple_entry_ruins, nicolae_shop_gadgets, uniq_eustachio
D:7:      layout_rooms
D:8:      minmay_the_grid_octo_triangle [minmay_the_grid_octo_fat_diamond,
          minmay_the_grid_octo_prize_single_spiral, minmay_the_grid_octo_horde],
          layout_cave_pods, serial_shops, nicolae_shop_advertising_works
          [nicolae_subvault_shop_adworks], minmay_misc_feat_cross
Temple:   nicolae_temple_bog_church

Skill      XL: |  1  2  3  4  5  6  7  8  9 |
---------------+----------------------------+-----
Armour         | 4 5 6 7 |  7.8
Axes           | 3 4 5 6 8 9 10 | 10.9
Shields        | 4 5 6 |  6.3
Fighting       | 4 5 6 7 |  7.2
Dodging        | 1 2 |  2.1
Maces & Flails | 1 |  1.3
Stealth        | |  0.5

Action                   |  1- 3 |  4- 6 |  7- 9 || total
-------------------------+-------+-------+-------++-------
Melee: War axe           |    81 |    80 |   197 ||   358
       Headbutt          |    15 |     9 |    39 ||    63
       Whip              |       |       |    12 ||    12
Invok: Curse Item        |       |       |     2 ||     2
  Use: Scroll            |     4 |     2 |     1 ||     7
Armor: Scale mail        |    82 |    34 |       ||   116
       Plate armour      |       |    13 |   269 ||   282
Dodge: Dodged            |    70 |    50 |   112 ||   232
Block: Buckler           |    34 |    18 |    67 ||   119
